 Dungeon Crawl Stone Soup version 0.30-b1-2-g02819fbbbe (webtiles) character file.

Game seed: 17715051432183795587

194304 DarkAdoniis the Severer (level 17, 0/163 HPs)
             Began as a Minotaur Fighter on Nov 1, 2023.
             Was the Champion of Okawaru.
             Splashed by a goliath frog's acid (9 damage)
             ... on level 2 of the Swamp.
             The game lasted 04:46:24 (34199 turns).

DarkAdoniis the Severer (Minotaur Fighter)         Turns: 34199, Time: 04:46:25

Health: 0/163      AC: 41    Str: 29    XL:     17   Next: 67%
Magic:  23/23      EV: 13    Int:  7    God:    Okawaru [******]
Gold:   1206       SH: 23    Dex: 10    Spells: 16/16 levels left

rFire   . . .        V - +4 broad axe (drain)
rCold   . . .        O - +2 tower shield {AC+3}
rNeg    . . .        b - +1 crystal plate armour
rPois   .            I - +1 hat {Stlth+}
rElec   .            W - +0 cloak
rCorr   .            x - +2 pair of gloves
SInv    .            g - +1 pair of boots
Will    +....        G - amulet "Kothron" {Regen+ Int+2} Stlth
                     D - ring of flight
HPRegen 1.27/turn    L - ring "Xoajim" {EV+5 Slay+3}
MPRegen 0.18/turn

%: no passive effects
@: heroic, flying, studying Fighting
A: horns 2, retaliatory headbutt, deterioration 1
}: 1/15 runes: serpentine
a: Renounce Religion, Heroism, Finesse, Duel


You were on level 2 of the Swamp.
You worshipped Okawaru.
Okawaru was exalted by your worship.
You visited 5 branches of the dungeon, and saw 28 of its levels.

You collected 3379 gold pieces.
You spent 2173 gold pieces at shops.

Inventory:

Hand Weapons
 V - a +4 broad axe of draining (weapon)
Missiles
 p - 7 silver boomerangs
 t - 10 curare-tipped darts
 u - 7 atropa-tipped darts
 F - 4 javelins
 N - 5 boomerangs of dispersal
 P - 13 boomerangs
 X - 5 silver javelins
 Y - 3 throwing nets
Armour
 b - a +1 crystal plate armour (worn)
 g - a +1 pair of boots (worn)
 x - a +2 pair of gloves (worn)
 I - a +1 hat of stealth (worn)
 O - a +2 tower shield of protection (worn)
 W - a +0 cloak (worn)
Jewellery
 q - a ring of poison resistance
 D - a ring of flight (left hand)
 G - the amulet "Kothron" (around neck) {Regen+ Int+2}
   (You bought it in a shop on level 2 of the Orcish Mines)

   [amulet of regeneration]

   Int:       It affects your intelligence (+2).
   Regen:     It increases your rate of health regeneration.
 L - the ring "Xoajim" (right hand) {EV+5 Slay+3}
   (You bought it in a shop on level 2 of the Orcish Mines)

   [ring of evasion]

   EV:        It affects your evasion (+5).
   Slay:      It affects your accuracy & damage with ranged weapons and melee
   (+3).
 T - the ring "Goosey" {rCorr AC+4}
   (You found it on level 10 of the Dungeon)

   [ring of protection]

   AC:        It affects your AC (+4).
   rCorr:     It protects you from acid and corrosion.
 U - a ring of protection from cold
 Z - a ring of protection from fire
Wands
 a - a wand of mindburst (9)
 h - a wand of paralysis (8)
 k - a wand of polymorph (12)
 z - a wand of digging (7)
Scrolls
 m - 5 scrolls of enchant armour
 o - 4 scrolls of blinking
 r - 13 scrolls of teleportation
 s - 5 scrolls of magic mapping
 v - 3 scrolls of silence
 w - 10 scrolls of immolation
 y - 2 scrolls of brand weapon
 A - 4 scrolls of enchant weapon
 B - 6 scrolls of vulnerability
 E - 2 scrolls of poison
 K - 2 scrolls of fog
 Q - 3 scrolls of fear
Potions
 c - a potion of cancellation
 d - 5 potions of might
 e - 2 potions of berserk rage
 f - 8 potions of lignification
 i - 3 potions of curing
 j - 6 potions of brilliance
 l - 4 potions of attraction
 n - 3 potions of resistance
 C - 2 potions of magic
 H - 7 potions of flight
 J - 6 potions of haste
 M - 2 potions of mutation
 S - a potion of ambrosia
Miscellaneous
 R - a phial of floods


   Skills:
 + Level 18.1(23.1) Fighting
 - Level 18.4(23.4) Axes
 - Level 10.0(15.0) Throwing
 + Level 16.9(21.9) Armour
 + Level 17.0(22.0) Shields
 + Level 10.3 Invocations
 - Level 8.0 Evocations


You had 16 spell levels left.
You didn't know any spells.
Your spell library contained the following spells:

 Spells                   Type           Power      Damage    Failure   Level
 Beastly Appendage        Tmut           0%         N/A       99%         1
 Kiss of Death            Conj/Necr      0%         2d5       99%         1
 Magic Dart               Conj           0%         1d3       99%         1
 Slow                     Hex            0%         N/A       99%         1
 Ensorcelled Hibernation  Hex/Ice        0%         N/A       100%        2
 Passwall                 Tmut/Erth      0%         N/A       100%        2
 Static Discharge         Conj/Air       0%         2-2/arc   100%        2
 Sublimation of Blood     Necr           0%         N/A       100%        2
 Wereblood                Tmut           0%         N/A       100%        2
 Confusing Touch          Hex            0%         N/A       100%        3
 Ignite Poison            Fire/Tmut/Pois 0%         N/A       100%        3
 Inner Flame              Hex/Fire       0%         N/A       100%        3
 Ozocubu's Armour         Ice            0%         N/A       100%        3
 Swiftness                Air            0%         N/A       100%        3
 Vhi's Electric Charge    Tloc/Air       0%         N/A       100%        3
 Airstrike                Air            0%         2d(0-16)  100%        4
 Dispel Undead            Necr           0%         3d6       100%        4
 Sticky Flame             Conj/Fire      0%         2d3       100%        4
 Alistair's Intoxication  Tmut/Pois      0%         N/A       100%        5
 Arcjolt                  Conj/Air       0%         1d10      100%        5
 Blade Hands              Tmut           0%         N/A       100%        5
 Borgnjor's Vile Clutch   Necr/Erth      0%         N/A       100%        5
 Irradiate                Conj/Tmut      0%         3d11      100%        5
 Yara's Violent Unravell  Hex/Tmut       0%         3d3       100%        5
 Eringya's Noxious Bog    Tmut/Pois      0%         N/A       100%        6
 Iron Shot                Conj/Erth      0%         9d1       100%        6
 Plasma Beam              Fire/Air       0%         2x1d11    100%        6
 Dragon Form              Tmut           0%         N/A       100%        7
 Enfeeble                 Hex            0%         N/A       100%        7
 Ozocubu's Refrigeration  Ice            0%         4d7       100%        7
 Ignition                 Fire           0%         3d3       100%        8
 Animate Armour           Summ/Erth      Unusable   N/A       N/A         4
 Summon Lightning Spire   Summ/Air       Unusable   N/A       N/A         4
 Summon Hydra             Summ           Unusable   N/A       N/A         7

Dungeon Overview and Level Annotations

Branches:
Dungeon (15/15)            Temple (0/1) D:5            Lair (5/5) D:8
  Swamp (2/4) Lair:3        Snake (4/4) Lair:2        Slime (0/5) Lair:4
    Orc (2/2) D:12            Elf (0/3) Orc:2        Vaults (0/5) D:13
 Depths (0/4) D:15

Altars:
Ashenzari
Elyvilon
Hepliaklqana
Kikubaaqudgha
Okawaru
Ru
Trog
Uskayaw
Vehumet
Xom
Yredelemnul
The Shining One
Jiyva

Shops:
D:1 (   D:5 ?   D:8 !   Orc:2 =*[(

Portals:
Trove: D:13 (give 9 potions of haste)

Annotations:
D:15 Roxanne
Lair:3 exclusion: oklob plant
Swamp:2 Donald, Nikola


Innate Abilities, Weirdness & Mutations

You have a pair of horns on your head.
You reflexively headbutt those who attack you in melee.
Your body sometimes deteriorates upon taking damage.


Message History

The spectral fenstrider witch fades away!
The spectral spriggan air mage fades away! x2
The spectral spriggan berserker fades away!
You are engulfed in spectral mist.
The goliath frog is engulfed in spectral mist.
You closely miss Nikola. You headbutt Nikola, but do no damage.
Nikola is moderately wounded.
You are engulfed in spectral mist.
You block Nikola's attack. You block the goliath frog's attack.
You barely miss Nikola. You headbutt Nikola!
Nikola is moderately wounded.
You are engulfed in spectral mist.
Nikola barely misses you. You furiously retaliate!
You headbutt Nikola! You block the goliath frog's attack.
You barely miss Nikola. You headbutt Nikola!
Nikola is heavily wounded.
You are engulfed in spectral mist.
* * * LOW HITPOINT WARNING * * *
You are no longer corroded.
You block Nikola's attack.
Okay, then.
You slash Nikola! You drain Nikola. You headbutt Nikola.
Nikola is heavily wounded.
You are engulfed in spectral mist.
* * * LOW HITPOINT WARNING * * *
You block the goliath frog's attack.
You are engulfed in spectral mist.
The goliath frog hits you.
* * * LOW HITPOINT WARNING * * *
You are splashed with acid!
* * * LOW HITPOINT WARNING * * *
Nikola drinks a potion.
Nikola is healed!
You block the goliath frog's attack.
Things that are here:
a wand of flame (10); a tyrant leech corpse; an eleionoma corpse You feel better.
You are engulfed in spectral mist.
Nikola hits you but does no damage.
Donald the Adventurer comes into view.
He is wielding a +0 heavy long sword and wearing a +0 kite shield of reflection.
The goliath frog hits you!
* * * LOW HITPOINT WARNING * * *
You are splashed with acid!
You die...

.....~..<...♣♣♣
.~~~..~~.~.~~.♣♣
.~~§.~.~~~~~~~~♣
~.~.~♣..~.~~~~.~
~~~~?.~~~~~~~~~.
.~~~.(~~§~~~~~~~
..~~~.~@°~°~~~~~
..~§~~F@°°§~§~..
.~.§~~~.°~~~~~..
..$~..).†.~~~~~.
.♣~...○~..~.~~~.
♣♣).?.....~~~~.
.......~§..~~~.
♣.~...~~~...~~..
.~@..§~~~~♣.~~~.
.....~~~~.♣♣.~~.


You could see Nikola (drained), Donald (wandering, reflecting) and a goliath
frog.

Vanquished Creatures
  Vashnia (Snake:2)
  Jorgrun (Orc:2)
  Frances (Snake:1)
  A thorn hunter (Swamp:1)
  Agnes (D:15)
  3 nagarajas (Snake:4)
  A stone giant (D:15)
  An orc warlord (Orc:2)
  2 eleionomae
  2 bunyips (Swamp:2)
  Azrael (D:15)
  2 ettins (D:14)
  A minotaur (Lair:2)
  Josephine (D:15)
  Harold (Lair:2)
  An ice dragon (Lair:5)
  4 vault guards (D:13)
  11 hydras
  The ghost of BigAl98 the Thaumaturge, a journeyman GnWr of Cheibriados (D:11)
  4 salamander tyrants
  A ghost crab (Swamp:2)
  A catoblepas (D:13)
  An ogre mage (D:15)
  A death knight (D:15)
  6 centaur warriors
  8 naga warriors
  9 anacondas
  2 alligators (Swamp:1)
  2 deep troll earth magi (D:14)
  11 two-headed ogres
  A tengu warrior (D:14)
  6 boulder beetles
  3 death yaks (Lair:5)
  Urug (Orc:2)
  18 naga sharpshooters
  3 orc high priests (Orc:2)
  A spriggan (Swamp:1)
  6 shock serpents
  Nergalle (Lair:1)
  3 skysharks
  8 salamander mystics
  2 sea snakes (Snake:3)
  9 skeletal warriors
  2 goliath frogs
  2 swamp dragons (Swamp:1)
  3 bog bodies (Swamp:1)
  4 naga ritualists
  5 orc knights
  4 lindwurms (Lair:5)
  3 deep elf pyromancers (D:14)
  6 orc sorcerers (Orc:2)
  6 mana vipers
  10 ugly things
  2 will-o-the-wisps
  3 wolf spiders
  5 manticores
  13 cyclopes
  8 salamanders
  A guardian serpent (Snake:1)
  13 naga magi
  26 black mambas
  12 elephants (Lair:5)
  6 torpor snails (Lair:5)
  12 cane toads
  2 unseen horrors
  A freezing wraith (D:15)
  A rime drake (shapeshifter) (D:14)
  2 kobold demonologists (D:11)
  An efreet (D:14)
  A gargoyle (D:14)
  5 rime drakes
  9 komodo dragons
  3 tengu conjurers (D:14)
  9 hornets
  A polar bear (Lair:3)
  A meliai (D:14)
  8 trolls
  4 tyrant leeches
  2 wolf spider simulacra
  Prince Ribbit (D:7)
  5 dream sheep (Lair:5)
  20 blink frogs
  Sigmund (D:3)
  10 slime creatures
  9 wraiths
  A shadow (D:10)
  30 yaks
  3 vampires
  4 fire elementals (D:15)
  5 basilisks
  7 humans (D:13)
  A basilisk (shapeshifter) (D:13)
  A steam dragon (D:9)
  Menkaure (D:4)
  29 nagas
  10 vampire mosquitoes
  A warg (Orc:1)
  Edmund (D:5)
  7 swamp worms (Swamp:1)
  2 acid dragons
  2 hell hounds (D:15)
  12 water moccasins
  32 orc warriors
  A swamp drake (Swamp:1)
  An ice beast (D:6)
  A sky beast (D:6)
  2 black bears
  2 ogres (D:15)
  12 wolves
  A boggart (D:14)
  10 centaurs
  2 phantoms
  3 kobold brigands
  7 bullfrogs
  2 scorpions
  2 gnoll sergeants
  12 wights
  A hornet simulacrum (D:14)
  7 killer bees
  7 electric eels
  10 howler monkeys
  2 lava snakes (Lair:5)
  6 hounds
  16 jellies
  27 orc priests
  Crazy Yiuf (D:7)
  4 iguanas
  A sleepcap (D:4)
  23 orc wizards
  12 gnolls
  5 adders
  A shadow imp (D:7)
  A white imp (D:5)
  An ufetubus (D:5)
  3 worms
  6 dart slugs
  80 orcs
  3 endoplasms
  5 giant cockroaches
  7 goblins
  4 hobgoblins
  8 jackals
  4 quokkas
  2 ball pythons (D:3)
  4 bats
  2 frilled lizards
  20 kobolds
  10 rats
  5 bushes
882 creatures vanquished.

Vanquished Creatures (others)
  An alligator (Swamp:2)
  A spriggan druid (Swamp:2)
  2 goliath frogs (Swamp:2)
  A swamp dragon (Swamp:2)
  A black mamba (Snake:3)
  3 hornets (Swamp:2)
  A tyrant leech (Swamp:2)
  3 spriggans (Swamp:2)
  2 humans
  4 foxfires (Swamp:2)
  25 fungi
  55 plants
99 creatures vanquished.

Grand Total: 981 creatures vanquished

Notes
Turn   | Place    | Note
-------+----------+-------------------------------------------
     0 | D:1      | DarkAdoniis the Minotaur Fighter began the quest for the
                  | Orb.
     0 | D:1      | Reached XP level 1. HP: 19/19 MP: 0/0
    97 | D:1      | Found Qyguafyi's Weapon Boutique.
   138 | D:1      | Reached XP level 2. HP: 27/27 MP: 1/1
   658 | D:2      | Reached XP level 3. HP: 33/33 MP: 2/2
  1315 | D:3      | Reached XP level 4. HP: 40/40 MP: 3/3
  1500 | D:3      | Found an iron altar of Okawaru.
  1529 | D:3      | Became a worshipper of Warmaster Okawaru
  1608 | D:3      | Noticed Sigmund
  1615 | D:3      | Killed Sigmund
  1615 | D:3      | Reached * piety under Okawaru
  1616 | D:3      | Reached skill level 5 in Axes
  1616 | D:3      | Reached XP level 5. HP: 44/47 MP: 4/4
  1616 | D:3      | Reached XP level 6. HP: 51/55 MP: 5/5
  1849 | D:3      | Reached skill level 5 in Fighting
  1849 | D:3      | Reached skill level 5 in Armour
  1849 | D:3      | Reached skill level 5 in Shields
  2201 | D:4      | Reached skill level 1 in Invocations
  2309 | D:4      | Reached ** piety under Okawaru
  2323 | D:4      | Reached XP level 7. HP: 40/61 MP: 5/7
  2721 | D:4      | Noticed Menkaure
  2730 | D:4      | Killed Menkaure
  2987 | D:5      | Entered Level 5 of the Dungeon
  3009 | D:5      | Noticed Edmund
  3016 | D:5      | Killed Edmund
  3253 | D:5      | Found a basalt altar of Yredelemnul.
  3255 | D:5      | Noticed a profane servitor
  3261 | D:5      | Found a glowing golden altar of the Shining One.
  3263 | D:5      | Noticed an angel
  3303 | D:5      | Reached XP level 8. HP: 70/70 MP: 5/8
  3340 | D:5      | Found a staircase to the Ecumenical Temple.
  3591 | D:5      | Found Tunkis's Magic Scroll Shoppe.
  3602 | D:5      | Bought a scroll of amnesia for 52 gold pieces
  3602 | D:5      | Bought a scroll of enchant weapon for 97 gold pieces
  3602 | D:5      | Bought a scroll of identify for 26 gold pieces
  3602 | D:5      | Bought a scroll of identify for 26 gold pieces
  3602 | D:5      | Bought a scroll of vulnerability for 52 gold pieces
  3697 | D:6      | Reached *** piety under Okawaru
  4290 | D:6      | Reached XP level 9. HP: 70/78 MP: 10/10
  4423 | D:6      | Found a hazy altar of Hepliaklqana.
  4434 | D:6      | Found a bloodstained altar of Trog.
  4585 | D:7      | You fall into a shaft and drop 1 floor!
  4672 | D:8      | Reached **** piety under Okawaru
  4770 | D:8      | Found a sacrificial altar of Ru.
  4791 | D:8      | Found an ancient bone altar of Kikubaaqudgha.
  4872 | D:7      | Noticed Prince Ribbit
  5109 | D:7      | Killed Prince Ribbit
  5118 | D:7      | Reached skill level 10 in Axes
  5132 | D:7      | Gained mutation: Your body sometimes deteriorates upon
                  | taking damage. [mutagenic glow]
  5399 | D:7      | Found a runed translucent door.
  5400 | D:7      | Noticed Crazy Yiuf
  5405 | D:7      | Killed Crazy Yiuf
  5514 | D:8      | Reached skill level 5 in Invocations
  5578 | D:8      | Received a gift from Okawaru
  5663 | D:8      | Reached XP level 10. HP: 85/86 MP: 12/12
  5691 | D:8      | Reached skill level 1 in Throwing
  5782 | D:8      | Found a staircase to the Lair.
  6268 | D:8      | Found Mitaz's Distillery.
  6276 | D:8      | Bought a potion of heal wounds for 65 gold pieces
  6955 | D:9      | Noticed a two-headed ogre
  6961 | D:9      | Killed a two-headed ogre
  7118 | D:9      | Noticed a two-headed ogre
  7128 | D:9      | Killed a two-headed ogre
  7128 | D:9      | Reached ***** piety under Okawaru
  8271 | D:10     | Entered Level 10 of the Dungeon
  8349 | D:10     | Noticed a two-headed ogre
  8368 | D:10     | Killed a two-headed ogre
  8369 | D:10     | Reached XP level 11. HP: 53/97 MP: 13/13
  8546 | D:10     | Found a broken altar of Ashenzari.
  8549 | D:10     | Found a shimmering altar of Xom.
  8552 | D:10     | Found a radiant altar of Vehumet.
  8565 | D:10     | Found a hide-covered altar of Uskayaw.
  8631 | D:10     | Identified the ring "Goosey" {rCorr AC+4}
  8767 | D:10     | Noticed a two-headed ogre
  8774 | D:10     | Killed a two-headed ogre
  9032 | D:10     | Received a gift from Okawaru
  9570 | D:10     | Noticed a centaur warrior
  9570 | D:10     | Noticed a two-headed ogre
  9763 | D:11     | Noticed a two-headed ogre
  9771 | D:11     | Killed a two-headed ogre
  9793 | D:11     | Received a gift from Okawaru
 10044 | D:11     | Noticed a soul eater
 10081 | D:11     | Noticed a sixfirhy
 10084 | D:11     | Noticed a sixfirhy
 10386 | Lair:1   | Entered Level 1 of the Lair of Beasts
 10423 | Lair:1   | Reached skill level 10 in Fighting
 10578 | Lair:1   | Reached skill level 10 in Armour
 10586 | Lair:1   | Reached skill level 10 in Shields
 10774 | Lair:1   | Reached skill level 5 in Throwing
 11230 | Lair:1   | Noticed Nergalle
 11243 | Lair:1   | Killed Nergalle
 11243 | Lair:1   | Reached ****** piety under Okawaru
 11250 | Lair:1   | Reached XP level 12. HP: 79/107 MP: 14/14
 11640 | Lair:2   | Received a gift from Okawaru
 12129 | Lair:2   | Received a gift from Okawaru
 12227 | Lair:2   | Found a staircase to the Snake Pit.
 12378 | Lair:2   | Noticed Harold
 12395 | Lair:2   | Killed Harold
 12403 | Lair:2   | Received a gift from Okawaru
 12467 | Lair:2   | Found a runed translucent door.
 12690 | Lair:2   | Noticed a minotaur
 12696 | Lair:2   | Killed a minotaur
 13246 | Lair:2   | Noticed a four-headed hydra
 13312 | Lair:2   | Killed a four-headed hydra
 13610 | Lair:2   | Got Even Beginners Can Use Wizardry!
 14079 | Lair:3   | Reached skill level 15 in Axes
 14093 | Lair:3   | Received a gift from Okawaru
 14470 | Lair:3   | Found a staircase to the Swamp.
 14596 | Lair:4   | Noticed a five-headed hydra
 14615 | Lair:4   | Killed a five-headed hydra
 15104 | Lair:4   | Found a staircase to the Slime Pits.
 15105 | Lair:4   | Found a viscous altar of Jiyva.
 15380 | Lair:4   | Reached XP level 13. HP: 117/117 MP: 15/15
 15523 | Lair:4   | Identified the +7 battleaxe "Concordance" {freeze, rF+
                  | Int+5} (Okawaru gifted it to you on level 4 of the Lair of
                  | Beasts)
 15523 | Lair:4   | Received a gift from Okawaru
 15617 | Lair:5   | Entered Level 5 of the Lair of Beasts
 16051 | Lair:5   | Found a runed translucent door.
 16116 | Lair:5   | Received a gift from Okawaru
 17597 | Lair:5   | Reached XP level 14. HP: 91/129 MP: 16/16
 17999 | Lair:5   | Received a gift from Okawaru
 18053 | Lair:5   | Identified the +8 hand axe of Cocytus {drain, Drain *Slow
                  | rN+++ Str+3}
 18054 | Lair:5   | Identified the +0 mace of the Mauling Visionary {holy, rC-
                  | rN+ Int+4}
 18492 | Lair:5   | Received a gift from Okawaru
 19144 | D:11     | Found a runed translucent door.
 19145 | D:11     | Noticed BigAl98's ghost (journeyman GnWr)
 19158 | D:11     | Killed BigAl98's ghost
 19401 | D:11     | Received a gift from Okawaru
 20047 | D:12     | Found a staircase to the Orcish Mines.
 20577 | D:13     | Found a portal to a secret trove of treasure.
 20707 | D:13     | Received a gift from Okawaru
 20708 | D:13     | Reached skill level 1 in Evocations
 21820 | D:13     | Received a gift from Okawaru
 22014 | D:13     | Identified the +0 scale mail of Inaction {Str+4 Slay+3}
                  | (Okawaru gifted it to you on level 13 of the Dungeon)
 22014 | D:13     | Received a gift from Okawaru
 22525 | D:13     | Found a gate to the Vaults.
 22673 | D:14     | Reached XP level 15. HP: 137/138 MP: 18/18
 23669 | D:14     | Found the +2 cloak of the Thief {*Fog Slay-2 SInv Stlth+}
 24028 | D:14     | Found an ancient bone altar of Kikubaaqudgha.
 24202 | D:14     | Received a gift from Okawaru
 24830 | D:15     | Entered Level 15 of the Dungeon
 24881 | D:15     | Identified Roxanne's Atlas of the Fault
 24881 | D:15     | Noticed Roxanne
 24931 | D:15     | Found a staircase to the Depths.
 24950 | D:15     | Received a gift from Okawaru
 25300 | D:15     | Reached skill level 15 in Shields
 25589 | D:15     | Noticed Josephine
 25595 | D:15     | Killed Josephine
 25596 | D:15     | Reached skill level 15 in Fighting
 25826 | D:15     | Noticed Agnes
 25826 | D:15     | Noticed Azrael
 25838 | D:15     | Killed Agnes
 25840 | D:15     | Reached skill level 15 in Armour
 25858 | D:15     | Killed Azrael
 26549 | D:15     | Reached skill level 5 in Evocations
 27262 | Orc:1    | Entered Level 1 of the Orcish Mines
 27324 | Orc:1    | Received a gift from Okawaru
 27797 | Orc:2    | Entered Level 2 of the Orcish Mines
 27879 | Orc:2    | Noticed Jorgrun
 27918 | Orc:2    | Killed Jorgrun
 27934 | Orc:2    | Reached XP level 16. HP: 74/149 MP: 20/20
 28187 | Orc:2    | Paralysed by an orc sorcerer for 5 turns
 28426 | Orc:2    | Found Kuabe's General Store.
 28426 | Orc:2    | Found Zypsaudet's Jewellery Shop.
 28428 | Orc:2    | Found Juluclit's Antique Armour Boutique.
 28428 | Orc:2    | Found Dyjuit's Antique Weapon Boutique.
 28545 | Orc:2    | Bought the ring "Xoajim" {EV+5 Slay+3} for 722 gold pieces
 28545 | Orc:2    | Bought the amulet "Kothron" {Regen+ Int+2} for 535 gold
                  | pieces
 28627 | Orc:2    | Noticed Urug
 28643 | Orc:2    | Found a staircase to the Elven Halls.
 28644 | Orc:2    | Killed Urug
 29221 | D:8      | Bought 2 potions of haste for 260 gold pieces
 29221 | D:8      | Bought a potion of curing for 39 gold pieces
 29221 | D:8      | Bought a potion of curing for 39 gold pieces
 29382 | Orc:2    | Bought a ring of poison resistance for 260 gold pieces
 29638 | Snake:1  | Entered Level 1 of the Snake Pit
 29658 | Snake:1  | Noticed Frances
 29678 | Snake:1  | Killed Frances
 29678 | Snake:1  | Received a gift from Okawaru
 29761 | Snake:1  | Identified a scroll of acquirement
 30114 | Snake:1  | Acquired a manual of Fighting
 30488 | Snake:2  | Found a white marble altar of Elyvilon.
 30504 | Snake:2  | Noticed Vashnia
 30554 | Snake:2  | Killed Vashnia
 30585 | Snake:2  | Received a gift from Okawaru
 31652 | Snake:3  | Identified the +3 broad axe "Killer Bee's Peril" {venom,
                  | rC+ Int+3} (Okawaru gifted it to you on level 3 of the
                  | Snake Pit)
 31652 | Snake:3  | Received a gift from Okawaru
 32266 | Snake:4  | Entered Level 4 of the Snake Pit
 32358 | Snake:4  | Reached XP level 17. HP: 127/160 MP: 19/23
 32469 | Snake:4  | Received a gift from Okawaru
 32773 | Snake:4  | Received a gift from Okawaru
 33046 | Snake:4  | Received a gift from Okawaru
 33097 | Snake:4  | Reached skill level 10 in Throwing
 33142 | Snake:4  | Received a gift from Okawaru
 33187 | Snake:4  | Got a serpentine rune of Zot
 33596 | Swamp:1  | Entered Level 1 of the Swamp
 33621 | Swamp:1  | Reached skill level 10 in Invocations
 33702 | Swamp:1  | Found a hazy altar of Hepliaklqana.
 33902 | Swamp:1  | Received a gift from Okawaru
 34137 | Swamp:2  | Noticed Nikola
 34199 | Swamp:2  | Noticed Donald
 34199 | Swamp:2  | Splashed by a goliath frog's acid

Illustrated notes

Levels and vault maps discovered:
D:1:      minmay_arrival_split_and_join, layout_basic, serial_shops, shop
D:2:      layout_rooms, kennysheep_generic_room_9
D:3:      minmay_recursive_quarters, layout_loops_cross, amcnicky_altar_gilded,
          uniq_sigmund
D:4:      layout_cave_pools, uniq_menkaure
D:5:      layout_rooms, grunt_temple_overflow_holy_war,
          minmay_temple_entry_stoned_glass, serial_shops, shop, uniq_edmund
D:6:      layout_basic, mainiacjoe_overflow_big_doors
D:7:      layout_rooms, minmay_holes, uniq_prince_ribbit1,
          uniq_crazy_yiuf_cottage
D:8:      layout_loops_corners, overflow_temple_1_default, tgw_kikubaaqudgha,
          erik_lair_island, serial_shops, shop, grunt_ministairs_8,
          kennysheep_just_a_vault
D:9:      layout_loops_ring, kb_lookout_dungeons_type
D:10:     layout_basic, grunt_temple_overflow_cloverleaf, nicolae_two_hexagons,
          lightli_corner_chamber
D:11:     minmay_angry_zag, layout_irregular_city, gammafunk_ghost_grave,
          minmay_fractal_squares_gapless_5
D:12:     layout_basic, orc_0_dummy
D:13:     layout_layer_cave, ximxim_vaults_locker_room, enter_trove_6
D:14:     kennysheep_snake, layout_basic, kiku_gazebo_pond_becter,
          kennysheep_flooded_box, kennysheep_nondescript, roderic_lattice_a
D:15:     grunt_enter_depths_giant_problem, layout_basic, moated_statue,
          uniq_josephine, uniq_roxanne, uniq_agnes, uniq_azrael
Lair:1:   layout_big_grid, grunt_megastairs_1, infiniplex_staircase_pool,
          uniq_nergalle
Lair:2:   dreamdust_labyrinth, layout_cave_pods, nicolae_snake_entry_squirm,
          minmay_hedge_maze, uniq_harold
Lair:3:   layout_regular_city, swamp_mist_pool, infiniplex_staircase_pool_2
Lair:4:   layout_big_grid, minmay_slime_entry_jelly_boxes,
          chequers_serial_rivers_marsh
Lair:5:   hangedman_lair_in_review, layout_misc_corridors, wormcave,
          nicolae_lair_liquid_snakes, serial_bayou_shore_b
Swamp:1:  layout_basic_swamp, lemuel_altar_in_water
Swamp:2:  layout_basic_swamp, nicolae_swamp_fairy_circle, uniq_donald,
          uniq_nikola
Snake:1:  layout_onion, uniq_frances
Snake:2:  layout_rooms, basic_altar, nicolae_coiled_stairwell_down,
          lemuel_fruit_tree, uniq_vashnia
Snake:3:  layout_cave_pods, serial_bayou_shore_a, grunt_megastairs_4
Snake:4:  snake_pit, layout_grid_shapes
Orc:1:    layout_caves, serial_shops
Orc:2:    st_orc_congregation, layout_diamond_mine, uniq_urug, uniq_jorgrun

Skill      XL: |  1  2  3  4  5  6  7  8  9 10 11 12 13 14 15 16 17 |
---------------+----------------------------------------------------+-----
Armour         | 4 5 6 8 9 10 11 13 14 15 16 | 16.9
Axes           | 3 5 7 8 10 12 14 15 17 18 | 18.4
Fighting       | 4 5 6 8 9 10 11 13 14 15 16 18 | 18.1
Shields        | 4 5 6 8 9 10 11 13 14 15 16 17 | 17.0
Invocations    | 1 2 3 5 6 7 9 10 | 10.3
Throwing       | 3 5 6 7 9 10 | 10.0
Evocations     | 3 5 7 8 |  8.0

Action                     |  1- 3 |  4- 6 |  7- 9 | 10-12 | 13-15 | 16-18 || total
---------------------------+-------+-------+-------+-------+-------+-------++-------
  Melee: War axe           |    83 |    52 |   182 |   442 |   660 |       ||  1419
         Headbutt          |    13 |     8 |    27 |   106 |   166 |   180 ||   500
         Broad axe         |       |       |       |       |    81 |   698 ||   779
  Throw: Stone             |    18 |     6 |    15 |    55 |     1 |       ||    95
         Dart              |       |    12 |     3 |    26 |     3 |       ||    44
         Boomerang         |       |       |       |    10 |   159 |    17 ||   186
         Javelin           |       |       |       |     7 |    59 |     2 ||    68
 Invoke: Heroism           |       |       |     6 |    18 |    16 |    18 ||    58
  Evoke: Wand              |       |     8 |    16 |    28 |    56 |     2 ||   110
         Tin of tremorston |       |       |       |       |     2 |       ||     2
    Use: Scroll            |     2 |     3 |     8 |    10 |     4 |     3 ||    30
         Potion            |       |       |     1 |     2 |     3 |     6 ||    12
   Stab: Paralysed         |       |       |       |       |     2 |       ||     2
         Distracted        |       |       |       |       |     1 |       ||     1
 Armour: Scale mail        |    31 |    28 |    78 |   269 |   296 |       ||   702
         Crystal plate arm |       |       |       |       |   154 |   304 ||   458
  Dodge: Dodged            |    30 |    23 |    63 |   206 |   315 |   163 ||   800
  Block: Buckler           |    14 |    12 |    41 |   101 |       |       ||   168
         Tower shield      |       |       |       |   194 |   800 |   736 ||  1730
